 Dungeon Crawl Stone Soup version 0.30.1-11-g7821555f0a (webtiles) character file.

Game seed: 10148538024074099860

232460 Ijustatesigmund the Earth Mage (level 19, -2/115 HPs)
             Began as a Gargoyle Earth Elementalist on Nov 29, 2023.
             Was the Champion of Cheibriados.
             Slain by Asterion
             ... wielding a +3 spectral morningstar
              (18 damage)
             ... on level 2 of the Snake Pit on Nov 30, 2023.
             The game lasted 02:38:16 (55051 turns).

Ijustatesigmund the Earth Mage (GrEE)              Turns: 55051, Time: 02:38:16

Health: -2/115     AC: 37    Str: 31    XL:     19   Next: 54%
Magic:  22/45      EV: 13    Int: 44    God:    Cheibriados [******]
Gold:   671        SH: 16    Dex: 38    Spells: 22/45 levels left

rFire   + . .        e - +7 flail (heavy)
rCold   . . .        J - +0 kite shield {reflect}
rNeg    + + +        a - +3 fire dragon scales
rPois   ∞            m - +0 helmet
rElec   +            s - +2 cloak {rCorr}
rCorr   +            d - +0 pair of gloves "Kuaras" {Str+2 Int+3}
SInv    .            l - +2 pair of boots
Will    ++...        H - amulet of Meadutto {RegenMP rC+ MP+9 Dex+5}
Stlth   +++          q - ring "Ufukh" {rF- rN++ Will+ Int+6 Dex+4}
HPRegen 0.39/turn    B - ring of wizardry
MPRegen 0.69/turn

%: reflection, wizardry (x1)
@: weakened, flying, studying Polearms, very slow
A: sickness immunity, AC +14, big wings, negative energy resistance 1,
electricity resistance, torment resistance 1, petrification resistance, agile 1
}: 1/15 runes: barnacled
a: Renounce Religion, Bend Time, Temporal Distortion, Slouch, Step From Time


You were on level 2 of the Snake Pit.
You worshipped Cheibriados.
Cheibriados was exalted by your worship.
You visited 7 branches of the dungeon, and saw 31 of its levels.
You visited 1 bazaar.
You also visited: Bailey, Gauntlet and Ice Cave.

You collected 3117 gold pieces.
You spent 2446 gold pieces at shops.

Inventory:

Hand Weapons
 e - a +7 heavy flail (weapon)
 x - a +4 flail of protection
Missiles
 G - a throwing net
Armour
 a - +3 fire dragon scales (worn)
 d - the +0 pair of gloves "Kuaras" (worn) {Str+2 Int+3}
   (You found it on level 5 of the Lair of Beasts)

   Str:       It affects your strength (+2).
   Int:       It affects your intelligence (+3).
 l - a +2 pair of boots (worn)
 m - a +0 helmet (worn)
 s - a +2 cloak of preservation (worn)
 J - a +0 kite shield of reflection (worn)
 N - +0 acid dragon scales
Magical Staves
 C - a staff of earth
Jewellery
 f - a ring of protection from fire
 p - a ring of protection from cold
 q - the ring "Ufukh" (left hand) {rF- rN++ Will+ Int+6 Dex+4}
   (You found it on level 3 of the Dungeon)

   [ring of intelligence]

   Int:       It affects your intelligence (+6).
   Dex:       It affects your dexterity (+4).
   rF:        It makes you vulnerable to fire.
   rN:        It greatly protects you from negative energy.
   Will:      It increases your willpower.
 z - a ring of protection from cold
 B - a ring of wizardry (right hand)
 H - the amulet of Meadutto (around neck) {RegenMP rC+ MP+9 Dex+5}
   (You acquired it on level 14 of the Dungeon)

   [amulet of magic regeneration]

   It increases your rate of magic regeneration.
   Dex:       It affects your dexterity (+5).
   rC:        It protects you from cold.
   MP:        It affects your magic capacity (+9).
 O - an amulet of the acrobat
 Q - a ring of wizardry
 T - a ring of positive energy
 X - the ring of the Evening {Dex-3 Slay+4 SInv}
   (You found it on level 1 of the Shoals)

   [ring of see invisible]

   Dex:       It affects your dexterity (-3).
   Slay:      It affects your accuracy & damage with ranged weapons and melee
   (+4).
   SInv:      It lets you see invisible.
 Y - an amulet of regeneration
 Z - an amulet of faith
Wands
 i - a wand of flame (13)
 o - a wand of iceblast (18)
 A - a wand of polymorph (9)
 F - a wand of mindburst (16)
 I - a wand of light (18)
 P - a wand of charming (32)
Scrolls
 h - 6 scrolls of teleportation
 j - 4 scrolls of silence
 k - 5 scrolls of fog
 r - 4 scrolls of blinking
 t - 5 scrolls of poison
 u - 3 scrolls of magic mapping
 y - 2 scrolls of fear
 K - 2 scrolls of amnesia
 M - 8 scrolls of identify
 R - 4 scrolls of brand weapon
 V - 3 scrolls of butterflies
Potions
 b - 4 potions of magic
 c - 12 potions of curing
 g - a potion of ambrosia
 n - 4 potions of brilliance
 v - 3 potions of attraction
 w - 8 potions of lignification
 D - 3 potions of might
 E - 2 potions of resistance
 L - a potion of mutation
 S - a potion of berserk rage
 U - 4 potions of heal wounds
 W - a potion of cancellation


   Skills:
 - Level 11.5 Fighting
 - Level 9.8 Maces & Flails
 - Level 7.3 Armour
 - Level 2.8 Dodging
 + Level 6.6 Stealth
 - Level 10.3 Shields
 - Level 13.7 Spellcasting
 - Level 15.6 Conjurations
 - Level 1.8 Necromancy
 - Level 4.5 Translocations
 - Level 0.7 Transmutations
 - Level 3.3 Ice Magic
 - Level 3.0 Air Magic
 - Level 16.1 Earth Magic
 - Level 2.7 Poison Magic
 - Level 14.6 Invocations
 + Level 7.5 Evocations


You had 22 spell levels left.
You knew the following spells:

 Your Spells              Type           Power      Damage    Failure   Level
a - Magic Dart            Conj           100%       1d8       0%          1
b - Stone Arrow           Conj/Erth      100%       3d13      0%          3
c - Mephitic Cloud        Conj/Pois/Air  75%        N/A       1%          3
d - Iskenderun's Mystic   Conj/Tloc      87%        2d17      1%          4
e - Freezing Cloud        Conj/Ice/Air   38%        6-21      1%          5
f - Borgnjor's Vile Clut  Necr/Erth      41%        N/A       1%          5
g - Passwall              Tmut/Erth      67%        N/A       1%          2

Your spell library contained the following spells:

 Spells                   Type           Power      Damage    Failure   Level
 Sandblast                Erth           100%       2d20      0%          1
 Apportation              Tloc           100%       N/A       1%          1
 Beastly Appendage        Tmut           72%        N/A       1%          1
 Foxfire                  Conj/Fire      100%       2x1d9     1%          1
 Freeze                   Ice            100%       1d10      1%          1
 Summon Small Mammal      Summ           100%       N/A       1%          1
 Blink                    Tloc           100%       N/A       1%          2
 Call Imp                 Summ           60%        N/A       1%          2
 Poisonous Vapours        Pois/Air       100%       N/A       1%          2
 Gell's Gravitas          Tloc           63%        N/A       1%          3
 Portal Projectile        Hex/Tloc       100%       N/A       1%          3
 Teleport Other           Tloc           63%        N/A       1%          3
 Vhi's Electric Charge    Tloc/Air       100%       N/A       1%          3
 Volatile Blastmotes      Fire/Tloc      100%       2d18      1%          3
 Fulminant Prism          Conj/Hex       39%        3d17      1%          4
 Leda's Liquefaction      Hex/Erth       39%        N/A       1%          4
 Manifold Assault         Tloc           63%        N/A       1%          4
 Petrify                  Tmut/Erth      81%        N/A       1%          4
 Sticky Flame             Conj/Fire      78%        2d9       1%          4
 Arcjolt                  Conj/Air       42%        1d52      1%          5
 Fireball                 Conj/Fire      39%        3d16      1%          5
 Lee's Rapid Deconstruct  Erth           53%        3d25*     1%          5
 Ignite Poison            Fire/Tmut/Pois 40%        N/A       2%          3
 Call Canine Familiar     Summ           30%        N/A       3%          3
 Summon Guardian Golem    Hex/Summ       30%        N/A       3%          3
 Tukima's Dance           Hex            30%        N/A       3%          3
 Animate Dead             Necr           46%        N/A       6%          4
 Starburst                Conj/Fire      39%        6d11      8%          6
 Anguish                  Hex/Necr       19%        N/A       9%          4
 Alistair's Intoxication  Tmut/Pois      30%        N/A       16%         5
 Blade Hands              Tmut           18%        N/A       26%         5
 Dispersal                Tloc           31%        N/A       28%         6
 Spellforged Servitor     Conj/Summ      39%        N/A       38%         7
 Death Channel            Necr           23%        N/A       61%         6
 Eringya's Noxious Bog    Tmut/Pois      22%        N/A       65%         6
 Plasma Beam              Fire/Air       21%        2x1d36    65%         6
 Malign Gateway           Summ/Tloc      25%        N/A       98%         7
 Storm Form               Tmut/Air       23%        N/A       98%         7
 Haunt                    Necr/Summ      19%        N/A       99%         7
 Enfeeble                 Hex            15%        N/A       100%        7
 Monstrous Menagerie      Summ           15%        N/A       100%        7
 Infestation              Necr           23%        N/A       100%        8
 Maxwell's Capacitive Co  Air            27%        ∞         100%        8
 Summon Horrible Things   Summ           15%        N/A       100%        8
 Fire Storm               Conj/Fire      39%        8d10      100%        9
 Cigotuvi's Dreadful Rot  Necr/Pois/Air  Unusable   N/A       N/A         2
 Statue Form              Tmut/Erth      Unusable   N/A       N/A         6

Dungeon Overview and Level Annotations

Branches:
Dungeon (15/15)            Temple (1/1) D:4            Lair (5/5) D:11
 Shoals (4/4) Lair:2        Snake (3/4) Lair:2        Slime (0/5) Lair:5
    Orc (2/2) D:10            Elf (0/3) Orc:2        Vaults (0/5) D:13
 Depths (1/4) D:15         Bailey (visited)           IceCv (visited)
Gauntlet (visited)

Altars:
Ashenzari
Cheibriados
Dithmenos
Elyvilon
Fedhas
Gozag
Hepliaklqana
Kikubaaqudgha
Makhleb
Nemelex Xobeh
Okawaru
Qazlal
Ru
Sif Muna
Trog
Uskayaw
Vehumet
Wu Jian
Xom
Yredelemnul
Zin
The Shining One
Jiyva

Shops:
D:5 *   D:6 ?*   D:14 =   Orc:1 ?   Orc:2 ([=*=   Shoals:3 [(!?   Shoals:4 *

Portals:
Hell: Depths:1
Ziggurat: Depths:1

Annotations:
D:10 1 transporter, ioannis32's ghost, novice DsBe
D:13 3 runed translucent doors, exclusion: obsidian statue, Exe's ghost, journeyman DsBe
Snake:2 Asterion


Innate Abilities, Weirdness & Mutations

You are immune to sickness and miasma.
Your stone body is resilient. (AC +14)
You are immune to poison.
Your large and strong wings let you fly.
You resist negative energy. (rN+)
You are resistant to electric shocks. (rElec)
You are resistant to unholy torment.
You are immune to petrification.
You are agile. (Dex +4, Str/Int -1)


Message History

You kill the naga!
Cheibriados appreciates the change of pace.
Unknown command.
Unknown command.
Casting: Iskenderun's Mystic Blast (safe; 1% risk of failure)
Confirm with . or Enter, or press ? or * to list all spells.
Aiming: Stone Arrow (safe; 0% risk of failure)
Press: ? - help, Shift-Dir - straight line, f - Asterion
Aim: Asterion, wielding a +3 spectral morningstar, wearing a +0 leather armour and wearing a +2 kite shield of protection (severely wounded, fast, 98% to hit)
Asterion blocks the stone arrow.
Asterion hits you with a +3 spectral morningstar!
The +3 spectral morningstar hits you but does no damage.
You block Asterion's attack.
A +3 spectral morningstar comes into view.
Casting: Stone Arrow (safe; 0% risk of failure)
Confirm with . or Enter, or press ? or * to list all spells.
Aiming: Stone Arrow (safe; 0% risk of failure)
Press: ? - help, Shift-Dir - straight line, f/p - Asterion
Aim: Asterion, wielding a +3 spectral morningstar, wearing a +0 leather armour and wearing a +2 kite shield of protection (severely wounded, fast, 98% to hit)
The stone arrow hits Asterion!
Asterion is severely wounded.
Asterion hits you with a +3 spectral morningstar!
The +3 spectral morningstar closely misses you.
You block Asterion's attack.
Asterion conjures a destructive force in the name of Makhleb!
The iron shot hits you!!!
* * * LOW HITPOINT WARNING * * *
Activating: Slouch (0% risk of failure)
Press: ? - help, Dir - look around, f - activate You can feel time thicken for a moment.
Asterion shares his spectral weapon's damage!
The +3 spectral morningstar disappears.
You block Asterion's attack. The +3 spectral morningstar hits you.
* * * LOW HITPOINT WARNING * * *
Asterion gores you!
* * * LOW HITPOINT WARNING * * *
A +3 spectral morningstar comes into view.
You feel much better.
Asterion hits you with a +3 spectral morningstar!!
You die...

#)# #.#
####....# #)#
#.###.......#
.)#
#...........#
.##
#..#........#
.#
#..##.......#
##
#..##.......#
#
##...#......#
#
###........#
###..(.@.#
#.#..H)#
####...#
#####


You could see Asterion (fast) and a +3 spectral morningstar.

Vanquished Creatures
  Jorgrun (D:14)
  A lich (Depths:1)
  Rupert (D:13)
  Mlioglotl (Snake:3)
  2 krakens
  Kirke (Shoals:3)
  Donald (Snake:1)
  Ilsuiw (Shoals:4)
  2 nagarajas
  A frost giant (Depths:1)
  Aizul (Depths:1)
  Louise (Snake:1)
  2 orc warlords (Orc:2)
  2 stone giants (Depths:1)
  4 very ugly things (Depths:1)
  2 elemental wellsprings (Shoals:1)
  A minotaur (Gauntlet)
  4 merfolk javelineers (Shoals:4)
  2 ettins
  Snorg (D:14)
  2 fire dragons
  Josephine (D:14)
  5 merfolk impalers
  A rakshasa (D:15)
  An ice dragon (Depths:1)
  Fannar (D:11)
  A salamander tyrant (Snake:2)
  15 hydras
  An ogre mage (D:15)
  2 spriggan air magi (Depths:1)
  7 merfolk aquamancers
  7 merfolk avatars
  4 boulder beetles
  2 catoblepae
  3 centaur warriors
  2 alligator snapping turtles (Shoals:4)
  3 satyrs
  8 two-headed ogres
  A death knight (D:15)
  8 anacondas
  A deep troll shaman (Lair:5)
  2 deep troll earth magi (Depths:1)
  32 death yaks
  6 tengu warriors
  7 shock serpents
  A spriggan berserker (Depths:1)
  3 orc high priests (Orc:2)
  11 naga warriors
  A thrashing horror (Gauntlet)
  6 naga sharpshooters
  An iron troll (Depths:1)
  6 skysharks
  A salamander mystic (Snake:2)
  4 skeletal warriors (D:15)
  A flayed ghost (Depths:1)
  3 deep trolls
  16 sea snakes
  A lindwurm (shapeshifter) (D:15)
  2 naga ritualists (Snake:2)
  13 harpies
  2 lindwurms
  Pikel (D:4)
  4 orc knights
  5 deep elf pyromancers
  4 mana vipers
  A necromancer (D:15)
  10 ugly things
  13 manticores
  14 fauns
  6 orc sorcerers
  2 oklob plants
  7 cyclopes
  10 merfolk sirens
  13 elephants
  5 salamanders (Snake:2)
  Maurice (D:11)
  7 water nymphs
  A torpor snail (Lair:3)
  24 black mambas
  Joseph (D:7)
  2 ice statues (IceCv)
  11 naga magi
  A gargoyle (Bailey)
  5 guardian serpents
  8 komodo dragons
  19 cane toads
  An efreet (D:15)
  A tengu conjurer (D:15)
  4 rime drakes
  4 trolls
  3 meliai (D:15)
  A queen bee (Gauntlet)
  A meliai (shapeshifter) (D:15)
  24 merfolk
  4 polar bears
  3 hornets
  7 wind drakes
  A tarantella (shapeshifter) (D:15)
  19 blink frogs
  13 snapping turtles
  5 dream sheep
  Grinder (D:5)
  16 slime creatures
  2 vampires
  A spriggan (Depths:1)
  A shadow (D:10)
  6 wyverns
  A dire elephant simulacrum (IceCv)
  10 water elementals
  7 wraiths
  62 yaks
  16 humans (D:13)
  A death yak simulacrum (IceCv)
  4 steam dragons
  A fire elemental (Snake:3)
  9 vampire mosquitoes
  2 hogs (Shoals:3)
  3 basilisks
  5 wargs
  4 acid dragons
  36 nagas
  14 water moccasins
  A hell hound (Snake:3)
  Duvessa (D:6)
  31 orc warriors
  2 black bears
  4 ice beasts
  A sky beast (D:6)
  A black bear (shapeshifter) (D:14)
  7 ogres
  12 wolves
  10 centaurs
  2 kobold brigands (D:9)
  2 lemures
  A phantom (D:4)
  Blork the orc (D:6)
  3 gnoll sergeants
  11 bullfrogs
  3 scorpions
  2 cane toad simulacra (IceCv)
  Dowan (D:6)
  12 wights
  6 killer bees
  7 vampire bats (Bailey)
  2 howler monkeys
  5 wolf zombies (Bailey)
  An electric eel (Orc:2)
  A bullfrog zombie (D:5)
  3 centaur zombies (D:5)
  A jelly (Lair:5)
  2 hounds
  23 orc priests
  Crazy Yiuf (D:3)
  A gnoll bouda (D:9)
  A sleepcap (D:7)
  31 orc wizards
  2 iguanas (D:7)
  6 hell rats (Lair:3)
  A polar bear simulacrum (IceCv)
  2 scorpion zombies (D:5)
  4 small abominations (Gauntlet)
  A killer bee simulacrum (D:9)
  14 gnolls
  8 adders
  A shadow imp (D:5)
  2 white imps (D:7)
  A dart slug (D:4)
  100 orcs
  5 ball pythons
  5 bats
  9 endoplasms
  3 giant cockroaches
  7 goblins
  5 hobgoblins
  8 kobolds
  4 frilled lizards
  22 orc zombies (Bailey)
  10 rats
  A spectral weapon (Snake:2)
  6 tentacles
1115 creatures vanquished.

Vanquished Creatures (others)
  A yak (Lair:3)
  7 tentacles
8 creatures vanquished.

Grand Total: 1123 creatures vanquished

Notes
Turn   | Place    | Note
-------+----------+-------------------------------------------
     0 | D:1      | Ijustatesigmund the Gargoyle Earth Elementalist began the
                  | quest for the Orb.
     0 | D:1      | Reached XP level 1. HP: 10/10 MP: 3/3
    48 | D:1      | Found a faded altar of an unknown god.
   179 | D:1      | Reached XP level 2. HP: 16/16 MP: 1/5
   286 | D:1      | Reached skill level 1 in Fighting
   326 | D:1      | Reached skill level 4 in Earth Magic
   985 | D:2      | Reached XP level 3. HP: 20/20 MP: 3/6
   989 | D:2      | Learned a level 3 spell: Stone Arrow
  1305 | D:2      | Reached skill level 1 in Conjurations
  1397 | D:2      | Found a radiant altar of Vehumet.
  1907 | D:3      | You fall into a shaft and drop 3 floors!
  1947 | D:6      | Found Riromu's Magic Scroll Shoppe.
  1956 | D:6      | Reached XP level 4. HP: 25/25 MP: 5/8
  1973 | D:6      | Bought a scroll of identify for 26 gold pieces
  1973 | D:6      | Bought a scroll of identify for 26 gold pieces
  1973 | D:6      | Bought a scroll of teleportation for 39 gold pieces
  1979 | D:5      | Entered Level 5 of the Dungeon
  1979 | D:5      | Noticed an ogre
  1989 | D:4      | Noticed a phantom
  2001 | D:4      | Killed a phantom
  2002 | D:4      | Reached skill level 1 in Maces & Flails
  2002 | D:4      | Reached XP level 5. HP: 26/29 MP: 1/9
  2152 | D:4      | Found a staircase to the Ecumenical Temple.
  2171 | Temple   | Entered the Ecumenical Temple
  2832 | D:4      | Found a snail-covered altar of Cheibriados.
  2832 | D:4      | Noticed a torpor snail
  2832 | D:4      | Noticed a torpor snail
  2844 | D:4      | Reached skill level 5 in Earth Magic
  2844 | D:4      | Reached XP level 6. HP: 31/34 MP: 5/10
  2886 | D:4      | Noticed a torpor snail
  3074 | D:4      | Noticed Pikel
  3332 | D:3      | Found a glowing golden altar of the Shining One.
  3627 | D:3      | Identified the ring "Ufukh" {rF- rN++ Will+ Int+6 Dex+4}
  3670 | D:3      | Found a faded altar of an unknown god.
  3675 | D:3      | Found a hide-covered altar of Uskayaw.
  3860 | D:3      | Found a runed translucent door.
  3861 | D:3      | Noticed Crazy Yiuf
  3872 | D:3      | Killed Crazy Yiuf
  3988 | D:4      | Killed Pikel
  3989 | D:4      | Reached skill level 5 in Conjurations
  3989 | D:4      | Reached skill level 6 in Earth Magic
  3989 | D:4      | Reached XP level 7. HP: 31/38 MP: 1/13
  4144 | D:4      | Found an ancient bone altar of Kikubaaqudgha.
  4582 | D:4      | Reached XP level 8. HP: 43/43 MP: 4/14
  4993 | D:5      | Found Noizamis's Assorted Antiques.
  5016 | D:5      | Bought a grey potion for 19 gold pieces
  5016 | D:5      | Bought a scroll labelled JIZOAN GOLI for 22 gold pieces
  5041 | D:5      | Bought a dented amethyst amulet for 110 gold pieces
  5166 | D:5      | Found a basalt altar of Yredelemnul.
  5491 | D:5      | Noticed a wyvern
  5753 | D:5      | Killed a wyvern
  5754 | D:5      | Reached skill level 7 in Earth Magic
  5967 | D:5      | Found an ornate altar of the Wu Jian Council.
  5968 | D:5      | Noticed Grinder
  5971 | D:5      | Killed Grinder
  5972 | D:5      | Reached skill level 5 in Spellcasting
  5972 | D:5      | Reached XP level 9. HP: 51/51 MP: 6/16
  6835 | D:6      | Found an iron altar of Okawaru.
  6849 | D:6      | Noticed Duvessa
  6855 | D:6      | Killed Duvessa
  6913 | D:6      | Noticed Dowan
  6918 | D:6      | Killed Dowan
  7201 | D:6      | Noticed Blork the orc
  7204 | D:6      | Killed Blork the orc
  7272 | D:6      | Found Seros's General Store.
  7278 | D:6      | Reached skill level 8 in Earth Magic
  7301 | D:6      | Reached skill level 5 in Fighting
  7699 | D:6      | Found an opulent altar of Gozag.
  7699 | D:6      | Found a glowing silver altar of Zin.
  8083 | D:7      | Found a radiant altar of Vehumet.
  8694 | D:4      | Became a worshipper of Cheibriados the Contemplative
  9271 | D:7      | Reached skill level 1 in Invocations
  9271 | D:7      | Reached XP level 10. HP: 59/59 MP: 9/19
  9277 | D:7      | Learned a level 3 spell: Mephitic Cloud
  9693 | D:7      | Reached skill level 1 in Poison Magic
  9867 | D:7      | Noticed Joseph
  9876 | D:7      | Killed Joseph
  9877 | D:7      | Reached skill level 1 in Air Magic
 10041 | D:8      | Found a flagged portal.
 10079 | Bailey   | Entered a bailey
 10204 | Bailey   | Reached * piety under Cheibriados
 11317 | Bailey   | Noticed a gargoyle
 11329 | Bailey   | Killed a gargoyle
 11330 | Bailey   | Reached skill level 1 in Evocations
 11690 | Bailey   | Reached ** piety under Cheibriados
 11752 | Bailey   | Identified the +0 chain mail of Acyxuko {*Slow rElec rC+
                  | Regen+}
 11785 | Bailey   | Found the sphere of Battle
 12726 | D:8      | Found a shadowy altar of Dithmenos.
 13281 | D:8      | Learned a level 4 spell: Iskenderun's Mystic Blast
 13513 | D:9      | Reached skill level 1 in Translocations
 13699 | D:9      | Reached *** piety under Cheibriados
 14153 | D:9      | Reached XP level 11. HP: 64/64 MP: 11/21
 14830 | D:9      | Reached skill level 5 in Invocations
 14830 | D:9      | Reached **** piety under Cheibriados
 15021 | D:9      | Found an ancient bone altar of Kikubaaqudgha.
 15046 | D:9      | Noticed a cyclops
 15198 | D:9      | Noticed a cyclops
 15204 | D:9      | Killed a cyclops
 15277 | D:9      | Noticed a centaur warrior
 15300 | D:9      | Killed a centaur warrior
 15314 | D:9      | Noticed an eight-headed hydra
 15375 | D:9      | Noticed a boulder beetle
 15386 | D:9      | Killed a boulder beetle
 15387 | D:9      | Noticed a fire dragon
 15534 | D:9      | Killed a cyclops
 15617 | D:9      | Noticed a catoblepas
 15619 | D:9      | Identified the +3 war axe of Nemelex Xobeh's Whim {vamp,
                  | rC- Str+2 Int+3 Dex+4}
 15619 | D:9      | Noticed a deep elf pyromancer
 15624 | D:9      | Killed a deep elf pyromancer
 15630 | D:9      | Killed an eight-headed hydra
 15640 | D:9      | Killed a catoblepas
 15641 | D:9      | Reached skill level 5 in Evocations
 15794 | D:9      | Noticed a boulder beetle
 15811 | D:9      | Killed a boulder beetle
 15812 | D:9      | Reached skill level 1 in Shields
 15813 | D:9      | Noticed a brown ugly thing
 15921 | D:9      | Killed a fire dragon
 15922 | D:9      | Reached skill level 1 in Armour
 15922 | D:9      | Reached XP level 12. HP: 69/69 MP: 8/24
 16010 | D:9      | Got the Grimoire of the Fiery Cumulonimbus
 16348 | D:10     | Entered Level 10 of the Dungeon
 16548 | D:10     | Noticed ioannis32's ghost (novice DsBe)
 16549 | D:10     | Found a transporter.
 16549 | D:10     | Identified the +8 dire flail of Qemuopp {flame, rPois rC+
                  | Int+3}
 16549 | D:10     | Noticed a two-headed ogre
 16549 | D:10     | Noticed a two-headed ogre
 16551 | D:10     | Noticed a two-headed ogre
 16780 | D:10     | Reached ***** piety under Cheibriados
 17047 | D:10     | Found a staircase to the Orcish Mines.
 17107 | D:10     | Noticed a two-headed ogre
 17125 | D:10     | Killed a two-headed ogre
 17448 | D:10     | Found a broken altar of Ashenzari.
 17882 | D:11     | Noticed Maurice
 17892 | D:11     | Killed Maurice
 17919 | D:11     | Noticed a two-headed ogre
 17925 | D:11     | Killed a two-headed ogre
 17930 | D:11     | Reached skill level 9 in Earth Magic
 18211 | D:11     | Found a large runed translucent door.
 18213 | D:11     | Found a large runed translucent door.
 18226 | D:11     | Noticed a naga warrior
 18469 | D:11     | Found a staircase to the Lair.
 18517 | D:11     | Got Lifel's Writings on Noxious Evolution
 18616 | D:11     | Noticed Fannar
 18625 | D:11     | Killed Fannar
 18795 | D:11     | Noticed a two-headed ogre
 18925 | D:11     | Killed a two-headed ogre
 19095 | D:11     | Found an iron altar of Okawaru.
 19095 | D:11     | Found an iron altar of Okawaru.
 20038 | D:12     | Reached skill level 10 in Conjurations
 20038 | D:12     | Reached XP level 13. HP: 54/76 MP: 26/26
 20493 | D:13     | Noticed Rupert
 20493 | D:13     | Found a gate to the Vaults.
 20503 | D:13     | Reached skill level 5 in Maces & Flails
 21359 | D:13     | Found a runed translucent gate.
 21359 | D:13     | Found a runed translucent gate.
 21359 | D:13     | Found a runed translucent gate.
 21360 | D:13     | Found an opulent altar of Gozag.
 21360 | D:13     | Noticed a tengu reaver
 21360 | D:13     | Noticed Exe's ghost (journeyman DsBe)
 21360 | D:13     | Noticed a fire giant
 21372 | D:13     | Reached skill level 10 in Earth Magic
 21536 | D:13     | Paralysed by Rupert for 5 turns
 21546 | D:13     | Killed Rupert
 21546 | D:13     | Reached ****** piety under Cheibriados
 22033 | D:14     | Found Umnehor's Jewellery Emporium.
 22045 | D:14     | Noticed Jorgrun
 22045 | D:14     | Noticed Josephine
 22605 | D:14     | Killed Jorgrun
 22703 | D:14     | Reached skill level 10 in Spellcasting
 22913 | D:14     | Identified a scroll of acquirement
 22913 | D:14     | Acquired the amulet of Meadutto {RegenMP rC+ MP+9 Dex+5}
 23096 | D:14     | Noticed Snorg
 23106 | D:14     | Killed Snorg
 23457 | D:14     | Killed Josephine
 23458 | D:14     | Gained mutation: Your large and strong wings let you fly.
                  | [Gargoyle growth]
 23458 | D:14     | Reached XP level 14. HP: 23/79 MP: 28/28
 24097 | Lair:1   | Entered Level 1 of the Lair of Beasts
 24289 | Lair:1   | Reached skill level 11 in Earth Magic
 24854 | Lair:1   | Reached skill level 10 in Invocations
 24962 | Lair:1   | Got the Directory of Beguiling and Illusion
 24967 | Lair:1   | Identified the +3 spear "Acvee" {freeze, rPois}
 25073 | Lair:1   | Identified the +5 ring mail of Charred Contentment {SInv}
 25965 | Lair:2   | Found a staircase to the Shoals.
 26531 | Lair:2   | Found a staircase to the Snake Pit.
 26999 | Lair:3   | Found a frozen archway.
 27008 | IceCv    | Entered an ice cave
 27142 | IceCv    | Found a transporter.
 27153 | IceCv    | Found a transporter.
 27251 | IceCv    | Identified the staff of conjuration "Pivvaifi" {+Blink
                  | Str+4 Int-4}
 27607 | Lair:3   | Reached skill level 5 in Armour
 27737 | Lair:3   | Reached skill level 12 in Earth Magic
 28779 | Lair:3   | Reached XP level 15. HP: 66/89 MP: 30/30
 30894 | Lair:5   | Entered Level 5 of the Lair of Beasts
 31935 | Lair:5   | Reached skill level 13 in Earth Magic
 33118 | Lair:4   | Reached XP level 16. HP: 49/96 MP: 24/31
 34040 | Lair:5   | Found a staircase to the Slime Pits.
 34040 | Lair:5   | Found a viscous altar of Jiyva.
 34470 | Lair:5   | Identified the +0 pair of gloves "Kuaras" {Str+2 Int+3}
 34841 | Orc:1    | Entered Level 1 of the Orcish Mines
 34846 | Orc:1    | Learned a level 1 spell: Magic Dart
 34852 | Orc:1    | Learned a level 5 spell: Freezing Cloud
 35109 | Orc:2    | Entered Level 2 of the Orcish Mines
 35185 | Orc:2    | Found a staircase to the Elven Halls.
 35192 | Orc:2    | Found Faixaybery's Jewellery Emporium.
 35457 | Orc:1    | Found Pivul's Magic Scroll Emporium.
 35466 | Orc:1    | Bought a scroll of teleportation for 36 gold pieces
 35466 | Orc:1    | Bought a scroll of blinking for 90 gold pieces
 35721 | Orc:2    | Reached skill level 1 in Ice Magic
 36240 | Orc:2    | Reached skill level 14 in Earth Magic
 37061 | Orc:2    | Identified the +4 spear of Generosity {antimagic, Str+4
                  | Int+2}
 37281 | Orc:2    | Found Tilluewk's Antique Armour Emporium.
 37282 | Orc:2    | Found Kasido's Antique Weapon Emporium.
 37284 | Orc:2    | Found Ehoetter's General Store.
 37284 | Orc:2    | Found Zul Haith's Jewellery Shoppe.
 37303 | Orc:2    | Bought a pair of runed boots for 210 gold pieces
 37317 | Orc:2    | Bought a scroll of fear for 56 gold pieces
 37321 | Orc:2    | Bought a book of Fire for 616 gold pieces
 37352 | Orc:2    | Learned a level 5 spell: Borgnjor's Vile Clutch
 37548 | D:15     | Entered Level 15 of the Dungeon
 37577 | D:15     | Reached skill level 1 in Necromancy
 37685 | D:15     | Found a staircase to the Depths.
 37719 | D:15     | Learned a level 2 spell: Passwall
 37754 | D:15     | Found a gate leading to a gauntlet.
 37759 | Gauntlet | Entered a Gauntlet
 37759 | Gauntlet | Found a transporter.
 37759 | Gauntlet | Found a transporter.
 37763 | Gauntlet | Found a transporter.
 37763 | Gauntlet | Found a transporter.
 37776 | Gauntlet | Found a transporter.
 37861 | Gauntlet | Found a transporter.
 37887 | Gauntlet | Found a transporter.
 37960 | Gauntlet | Found a transporter.
 37966 | Gauntlet | Found a transporter.
 37977 | Gauntlet | Found a transporter.
 38002 | Gauntlet | Found a transporter.
 38019 | Gauntlet | Found a large runed translucent door.
 38019 | Gauntlet | Found a large runed translucent door.
 38020 | Gauntlet | Found a large runed translucent door.
 38021 | Gauntlet | Found a large runed translucent door.
 38187 | Gauntlet | Got the Atlas of the Wyrd and the Glacier
 38271 | Gauntlet | Found a large runed translucent door.
 39063 | D:15     | Reached XP level 17. HP: 67/101 MP: 21/33
 39217 | D:15     | Reached skill level 5 in Shields
 40587 | Depths:1 | Entered Level 1 of the Depths
 40696 | Depths:1 | Found a gateway to Hell.
 40721 | Depths:1 | Found a one-way gateway to a ziggurat.
 40926 | Depths:1 | Noticed Aizul
 40936 | Depths:1 | Killed Aizul
 41020 | Depths:1 | Found a glowing silver altar of Zin.
 41042 | Depths:1 | Noticed a lich
 41054 | Depths:1 | Killed a lich
 41984 | Depths:1 | Reached skill level 10 in Shields
 42408 | Shoals:1 | Entered Level 1 of the Shoals
 42779 | Shoals:1 | Reached skill level 10 in Fighting
 43652 | Shoals:1 | Identified the +8 crystal plate armour of Hyrheff {rF- rC+
                  | Int-5 Dex+4}
 43755 | Shoals:1 | Identified the +1 tower shield of Defence {Str+2 Int-3
                  | Dex+4 Stlth+}
 43884 | Shoals:1 | Identified the ring of the Evening {Dex-3 Slay+4 SInv}
 43932 | Shoals:1 | Noticed a kraken
 43938 | Shoals:1 | Killed a kraken
 44858 | Shoals:2 | Reached XP level 18. HP: 86/110 MP: 34/34
 45665 | Shoals:3 | Found Qaijon's Distillery.
 45684 | Shoals:3 | Found Comaliv's Weapon Emporium.
 45717 | Shoals:3 | Noticed Kirke
 45727 | Shoals:3 | Killed Kirke
 45737 | Shoals:3 | Found a flickering gateway to a bazaar.
 45743 | Bazaar   | Entered a bazaar
 45793 | Bazaar   | Found Jimad's Assorted Antiques.
 45794 | Bazaar   | Found Jimad's Assorted Antiques.
 45803 | Bazaar   | Bought a glowing golden amulet for 145 gold pieces
 45839 | Bazaar   | Found Boejea's Assorted Antiques.
 45839 | Bazaar   | Found Mudairghenk's Distillery.
 45847 | Bazaar   | Bought an opal ring for 140 gold pieces
 45847 | Bazaar   | Bought a runed scarf for 224 gold pieces
 45863 | Bazaar   | Bought 2 potions of mutation for 288 gold pieces
 45863 | Bazaar   | Bought a potion of mutation for 144 gold pieces
 45863 | Bazaar   | Gained mutation: You passively dampen the noise of your
                  | surroundings. [potion of mutation]
 45863 | Bazaar   | Gained mutation: You occasionally lose the ability to drink
                  | potions when taking damage. [potion of mutation]
 45863 | Bazaar   | Gained mutation: You have supernaturally acute eyesight.
                  | (SInv) [potion of mutation]
 45864 | Bazaar   | Lost mutation: You passively dampen the noise of your
                  | surroundings. [potion of mutation]
 45864 | Bazaar   | Lost mutation: You have supernaturally acute eyesight.
                  | (SInv) [potion of mutation]
 45864 | Bazaar   | Gained mutation: You are covered in fur. (AC +1) [potion of
                  | mutation]
 45864 | Bazaar   | Gained mutation: You have a pair of small horns on your
                  | head. [potion of mutation]
 45865 | Bazaar   | Lost mutation: You have a pair of small horns on your head.
                  | [potion of mutation]
 45865 | Bazaar   | Lost mutation: You are covered in fur. (AC +1) [potion of
                  | mutation]
 45865 | Bazaar   | Lost mutation: You occasionally lose the ability to drink
                  | potions when taking damage. [potion of mutation]
 45865 | Bazaar   | Gained mutation: You do not regenerate when monsters are
                  | visible. [potion of mutation]
 45865 | Bazaar   | Gained mutation: You have sharp fingernails. [potion of
                  | mutation]
 45866 | Bazaar   | Lost mutation: You have sharp fingernails. [potion of
                  | mutation]
 45866 | Bazaar   | Lost mutation: You do not regenerate when monsters are
                  | visible. [potion of mutation]
 45866 | Bazaar   | Gained mutation: You expend magic power (3 MP) to
                  | strengthen your wands. [potion of mutation]
 45866 | Bazaar   | Gained mutation: Your body sometimes deteriorates upon
                  | taking damage. [potion of mutation]
 45867 | Bazaar   | Lost mutation: Your body sometimes deteriorates upon taking
                  | damage. [potion of mutation]
 45867 | Bazaar   | Lost mutation: You expend magic power (3 MP) to strengthen
                  | your wands. [potion of mutation]
 45867 | Bazaar   | Gained mutation: Potions are less effective at restoring
                  | your health. [potion of mutation]
 45867 | Bazaar   | Gained mutation: Your mind is acute. (Int +4, Str/Dex -1)
                  | [potion of mutation]
 45867 | Bazaar   | Gained mutation: You are partially covered in large bone
                  | plates. (SH +4) [potion of mutation]
 45868 | Bazaar   | Lost mutation: You are partially covered in large bone
                  | plates. (SH +4) [potion of mutation]
 45868 | Bazaar   | Lost mutation: Potions are less effective at restoring your
                  | health. [potion of mutation]
 45868 | Bazaar   | Lost mutation: Your mind is acute. (Int +4, Str/Dex -1)
                  | [potion of mutation]
 45868 | Bazaar   | Gained mutation: You are agile. (Dex +4, Str/Int -1)
                  | [potion of mutation]
 46075 | Shoals:3 | Found Soit's Armour Emporium.
 46183 | Shoals:3 | Bought a potion of heal wounds for 75 gold pieces
 46183 | Shoals:3 | Bought a potion of heal wounds for 75 gold pieces
 46265 | Shoals:3 | Found Pinats's Magic Scroll Shoppe.
 46274 | Shoals:3 | Bought a scroll of blinking for 105 gold pieces
 46949 | Shoals:4 | Entered Level 4 of the Shoals
 46993 | Shoals:4 | Noticed Ilsuiw
 47272 | Shoals:4 | Reached skill level 15 in Earth Magic
 47384 | Shoals:4 | Got a barnacled rune of Zot
 48009 | Shoals:4 | Identified the +9 mace "Niageos" {venom, Dex+2}
 49224 | Shoals:4 | Killed Ilsuiw
 49674 | Shoals:4 | Reached skill level 15 in Conjurations
 50090 | Shoals:4 | Found Jasaodau's General Store.
 50462 | Snake:1  | Entered Level 1 of the Snake Pit
 50825 | Snake:1  | Got the Opusculum on Accelerants and Impurities
 50965 | Snake:1  | Identified the +5 arbalest of Crystal {heavy, rElec rC+
                  | rCorr MP+9}
 50999 | Snake:1  | Noticed Louise
 51006 | Snake:1  | Killed Louise
 51116 | Snake:1  | Noticed Donald
 51122 | Snake:1  | Killed Donald
 51348 | Snake:1  | Found a hazy altar of Hepliaklqana.
 52367 | Snake:1  | Reached XP level 19. HP: 114/115 MP: 31/36
 53070 | Snake:2  | Reached skill level 16 in Earth Magic
 53903 | Snake:2  | Reached skill level 5 in Stealth
 54808 | Snake:3  | Noticed Mlioglotl
 54823 | Snake:3  | Killed Mlioglotl
 55036 | Snake:3  | Noticed Asterion
 55050 | Snake:2  | HP: 3/115 [Asterion/+3 spectral morningstar (8)]
 55051 | Snake:2  | Slain by Asterion

Illustrated notes

Levels and vault maps discovered:
D:1:      dpeg_arrival_signposts, layout_basic,
          ebering_ecumenical_altar_petrified
D:2:      layout_rooms, basic_altar
D:3:      layout_basic, tso_altar, nicolae_overflow_ecumenical_swirl,
          serial_forest, infiniplex_forest_zigzag_1, infiniplex_forest_corner_1,
          infiniplex_forest_clump_long, infiniplex_forest_clump_long,
          infiniplex_forest_clump_medium, infiniplex_forest_pool,
          kennysheep_generic_room_13, uniq_crazy_yiuf_cottage
D:4:      layout_loops_corners, cheibriados_altar_2,
          mainiacjoe_overflow_tiny_flanked, minmay_temple_entry_steel_oval,
          feat_on_display, uniq_pikel
D:5:      layout_rooms, nzn_wu_jian_council_hall,
          nicolae_yredelemnul_corpse_copse, serial_shops,
          nicolae_shop_overgrown_old_shop, uniq_grinder
D:6:      layout_loops_ring, grunt_temple_overflow_gold_and_silver,
          okawaru_gym_becter, serial_shops, shop, nicolae_stop_n_shop_1,
          nicolae_elevator_lobby_plus, uniq_duvessa, uniq_blork_the_orc
D:7:      layout_basic, mainiacjoe_overflow_six_doors_small, uniq_joseph
D:8:      layout_basic, mainiacjoe_overflow_surrounded_room, enter_bailey_6
D:9:      minmay_the_grid_square_5x5_4x4
          [minmay_the_grid_square_5x5_beaten_path,
          minmay_the_grid_square_5x5_two_walls_a,
          minmay_the_grid_square_5x5_six_small, minmay_the_grid_square_5x5_meh,
          minmay_the_grid_square_5x5_three_small,
          minmay_the_grid_square_5x5_prize_deathbox,
          minmay_the_grid_square_5x5_prize_pseudospiral,
          minmay_the_grid_square_5x5_seven,
          minmay_the_grid_square_5x5_broken_cross,
          minmay_the_grid_square_5x5_prize_junk,
          minmay_the_grid_square_5x5_prize_waves, minmay_the_grid_square_5x5_v,
          minmay_the_grid_square_5x5_sharp_hourglass,
          minmay_the_grid_square_5x5_shrine1,
          minmay_the_grid_square_5x5_shrine2, minmay_the_grid_square_5x5_forky],
          layout_loops_ring
D:10:     nicolae_cairo_tiling_large, layout_layer_cave,
          mainiacjoe_overflow_brackets, david_orc_3, gammafunk_ghost_smash
D:11:     okawaru_arena_lexackson, layout_loops_cross, uniq_maurice, uniq_fannar
D:12:     layout_basic
D:13:     layout_layer_cave, david_vaults_3, ebering_ghost_gozag
D:14:     layout_basic, grunt_decor_junction, serial_shops,
          nicolae_shop_waterfront, uniq_snorg, uniq_jorgrun, uniq_josephine
D:15:     hangedman_depths_entry_civil_slaughter, layout_grid_maze,
          hangedman_decor_push, gauntlet_entry_generic, st_stairs_8, uniq_rupert
Temple:   hellmonk_temple_flake
Lair:1:   dragon1_lemuel, layout_loops_ring, grunt_forest_large_clearings,
          infiniplex_staircase_pool_2
Lair:2:   layout_loops_ring, minmay_shoals_entry_centaurs, dummy_snake_entry,
          lemuel_fruit_tree
Lair:3:   nzn_winding_woodlands_medium [nzn_winding_woodlands_5x5_closed_star,
          nzn_winding_woodlands_5x15_garden,
          nzn_winding_woodlands_5x5_perimeter,
          nzn_winding_woodlands_5x5_open_star,
          nzn_winding_woodlands_center_diamonds,
          nzn_winding_woodlands_hourglass, nzn_winding_woodlands_5x5_default,
          nzn_winding_woodlands_5x15_default, nzn_winding_woodlands_5x5_three],
          layout_cave_pods, portal_ice_cave_entry_pillars_2, grunt_megastairs_5,
          infiniplex_staircase_pool
Lair:4:   layout_cave_pods
Lair:5:   grunt_lair_end_beastmaster, layout_cave_shapes,
          minmay_slime_entry_pillars, grunt_megastairs_3
Shoals:1: layout_shoals, nicolae_shoals_spring_well_temple
Shoals:2: layout_shoals, ldierk_geyser
Shoals:3: layout_shoals, serial_shops, bzr_entry_safe, nicolae_square_shop,
          nicolae_shop_crystal, shop, nicolae_shop_peninsula, uniq_kirke
Shoals:4: shoals_end_simple, layout_shoals, shoals_ilsuiw_alternative,
          serial_shops, nicolae_shop_back_alley_shop
Snake:1:  layout_onion_interference, basic_altar, hangedman_snake_sidewinding,
          nicolae_triple_integral, grunt_megastairs_2, uniq_louise, uniq_donald
Snake:2:  layout_layer_cave
Snake:3:  layout_layer_cave, uniq_asterion, uniq_azrael, uniq_mlioglotl
Orc:1:    layout_caves, serial_shops, shop
Orc:2:    st_orc_congregation, layout_caves, serial_shops, shop,
          nooodl_orcs_dogs
Depths:1: layout_big_octagon, enter_ziggurat_b, hangedman_decor_diamond_cutter,
          hell_entry, corexii_corridor_pit, kennysheep_nondescript,
          zin_statuary, grunt_megastairs_4, uniq_aizul

Skill      XL: |  1  2  3  4  5  6  7  8  9 10 11 12 13 14 15 16 17 18 19 |
---------------+----------------------------------------------------------+-----
Fighting       | 1 3 5 6 8 9 11 | 11.5
Earth Magic    | 4 5 6 7 8 9 10 12 13 14 15 16 | 16.1
Conjurations   | 1 2 3 5 7 9 10 11 12 13 14 15 | 15.6
Maces & Flails | 1 3 4 6 7 9 |  9.8
Spellcasting   | 3 4 5 6 7 8 9 10 11 12 13 | 13.7
Invocations    | 1 4 6 8 9 11 12 13 14 | 14.6
Poison Magic   | 2 |  2.7
Air Magic      | 2 3 |  3.0
Evocations     | 2 5 7 |  7.5
Translocations | 2 4 |  4.5
Shields        | 1 3 4 10 | 10.3
Armour         | 1 2 5 7 |  7.3
Dodging        | 2 |  2.8
Ice Magic      | 3 |  3.3
Necromancy     | 1 |  1.8
Stealth        | 6 |  6.6
Transmutations | |  0.7

Action                     |  1- 3 |  4- 6 |  7- 9 | 10-12 | 13-15 | 16-18 | 19-21 || total
---------------------------+-------+-------+-------+-------+-------+-------+-------++-------
  Melee: Club              |     4 |       |       |       |       |       |       ||     4
         Flail             |       |    47 |    65 |   217 |   468 |   790 |    91 ||  1678
         Mace              |       |    12 |       |       |       |       |       ||    12
         Punch             |       |       |     1 |     1 |       |       |       ||     2
   Cast: Sandblast         |    52 |    55 |    30 |    16 |       |       |       ||   153
         Stone Arrow       |       |     6 |    79 |   223 |   190 |   320 |    19 ||   837
         Mephitic Cloud    |       |       |       |    27 |    21 |    41 |     1 ||    90
         Iskenderun's Myst |       |       |       |     9 |    95 |   107 |    19 ||   230
         Freezing Cloud    |       |       |       |       |       |    64 |    21 ||    85
         Borgnjor's Vile C |       |       |       |       |       |    27 |    19 ||    46
         Passwall          |       |       |       |       |       |     2 |       ||     2
 Invoke: Slouch            |       |       |       |       |     5 |     6 |     1 ||    12
         Bend Time         |       |       |       |       |     2 |       |       ||     2
  Evoke: Wand              |       |       |     2 |    13 |    17 |    45 |     3 ||    80
    Use: Scroll            |     4 |     9 |     4 |    14 |    18 |    25 |       ||    74
         Potion            |       |     3 |     2 |     7 |     7 |    11 |     1 ||    31
   Stab: Invisible         |       |       |       |     3 |     1 |     1 |       ||     5
         Confused          |       |       |       |     5 |     3 |    12 |       ||    20
         Distracted        |       |       |       |       |     1 |       |     2 ||     3
         Sleeping          |       |       |       |       |     3 |       |     2 ||     5
 Armour: Robe              |     5 |    44 |    93 |    83 |       |       |       ||   225
         Steam dragon scal |       |       |       |   118 |       |       |       ||   118
         Acid dragon scale |       |       |       |    31 |   198 |       |       ||   229
         Fire dragon scale |       |       |       |       |   434 |   704 |   113 ||  1251
  Dodge: Dodged            |    10 |    52 |    89 |   271 |   567 |   533 |    77 ||  1599
  Block: Buckler           |       |       |       |    50 |   367 |   117 |       ||   534
         Kite shield       |       |       |       |       |       |   690 |   150 ||   840
         Reflection        |       |       |       |       |       |    59 |    18 ||    77
